[Event "Titled Tuesday Blitz May 03 Late 2022"]
[White "Derraugh, Geordie"]
[Black "Wagner, Dinara"]
[WhiteFideId "2603950"]
[BlackFideId "24157570"]
[WhiteElo "2116"]
[BlackElo "2216"]
[Result "1-0"]
[Round "09"]
[TimeControl "180+1"]
[Date "2022.05.03"]
[WhiteClock "0:00:13"]
[BlackClock "0:01:05"]

1. e4 c5 2. c3 d5 3. exd5 Qxd5 4. Nf3 Nf6 5. d4 Nc6 6. Na3 e6 7. Nb5 Qd8 8. Bf4 Nd5 9. Bg3 a6 10. c4 axb5 11. cxd5 Qa5+ 12. Qd2 exd5 13. Qxa5 Rxa5 14. Bc7 Ra8 15. Bxb5 c4 16. O-O Bb4 17. a3 Ba5 18. Bd6 f6 19. Bb4 Kf7 20. Bxa5 Rxa5 21. a4 Nb4 22. b3 c3 23. Rac1 c2 24. Rfe1 Bf5 25. Nh4 Bd3 26. Bd7 Ra6 27. Bf5 Rc8 28. Bxc8 Rc6 29. Bxb7 Rc7 30. Ba8 g5 31. Nf3 Rc8 32. Bb7 Rc7 33. Ba8 Rc8 34. Bxd5+ Nxd5 35. Nd2 Nb4 36. Ra1 Na2 37. Nc4 Bxc4 38. Rxa2 Bxb3 39. Raa1 Bxa4 40. f3 Rc4 41. Kf2 Rxd4 42. Rec1 Rd2+ 43. Ke3 Rd1 44. Ke2 Bb3 45. Rxd1 cxd1=Q+ 46. Rxd1 Bxd1+ 47. Kxd1 Ke6 48. Ke2 Ke5 49. Ke3 h5 50. g3 Kf5 51. h3 h4 52. gxh4 gxh4 53. f4 Ke6 54. Kf3 Kf5 55. Ke3 Ke6 56. Kf3 f5 57. Ke3 Kd5 58. Kd3 Kc5 59. Kc3 Kb5 60. Kd4 Kc6 61. Ke5 Kd7 62. Kxf5 Ke7 63. Kg5 Kf7 64. Kxh4 Kf6 65. Kg4 Kg6 66. h4 Kf6 67. h5 Kg7 68. Kg5 Kh7 69. f5 Kg7 70. f6+ Kf7 71. Kf5 Kg8 72. Kg6 Kh8 73. h6 Kg8 74. f7+ Kf8 75. h7 Ke7 76. h8=Q 1-0


[Site "https://www.chess.com"]

[Event "Titled Tuesday Blitz May 03 Late 2022"]
[White "Dimakiling, Oliver"]
[Black "Golubev, Mikhail"]
[WhiteFideId "5202248"]
[BlackFideId "14100983"]
[WhiteElo "2426"]
[BlackElo "2374"]
[Result "1-0"]
[Round "09"]
[TimeControl "180+1"]
[Date "2022.05.03"]
[WhiteClock "0:01:08"]
[BlackClock "0:00:05"]

1. c4 g6 2. Nc3 Bg7 3. d4 d6 4. e4 Nf6 5. f3 O-O 6. Be3 a6 7. Qd2 Nbd7 8. Bh6 Bxh6 9. Qxh6 c5 10. Nge2 b5 11. dxc5 b4 12. Nd5 e6 13. Nxf6+ Qxf6 14. cxd6 Qxb2 15. Qc1 Qxc1+ 16. Rxc1 Nc5 17. Nf4 Bd7 18. Nd3 Rfc8 19. e5 a5 20. Kd2 b3 21. Nxc5 Rxc5 22. axb3 Rxe5 23. Kc3 a4 24. b4 a3 25. Bd3 a2 26. Kb2 Ra4 27. b5 Rc5 28. Rhd1 Rb4+ 29. Ka3 Rb1 30. Rxb1 axb1=Q 31. Rxb1 1-0


[Site "https://www.chess.com"]

[Event "Titled Tuesday Blitz May 03 Late 2022"]
[White "Djokic, Mihailo"]
[Black "Leiva, Gianmarco"]
[WhiteFideId "976440"]
[BlackFideId "3804399"]
[WhiteElo "2202"]
[BlackElo "2323"]
[Result "0-1"]
[Round "09"]
[TimeControl "180+1"]
[Date "2022.05.03"]
[WhiteClock "0:00:03"]
[BlackClock "0:00:10"]

1. e4 c5 2. Nf3 d6 3. d4 cxd4 4. Nxd4 Nf6 5. Nc3 a6 6. Rg1 h5 7. h3 e5 8. Nb3 Be6 9. g4 hxg4 10. hxg4 d5 11. exd5 Nxd5 12. Nxd5 Qxd5 13. Be3 Qxd1+ 14. Rxd1 Nc6 15. c3 Rd8 16. Rxd8+ Kxd8 17. Bb6+ Kc8 18. Be2 Bd6 19. Bf3 Ne7 20. Bc5 Bxc5 21. Nxc5 Bd5 22. Bxd5 Nxd5 23. Ke2 Kc7 24. Rd1 Kc6 25. Nd3 f6 26. c4 Nc7 27. b3 Ne6 28. Nb4+ Kc5 29. Nc2 Rh3 30. Rd7 Nf4+ 31. Kd2 Rh2 32. Rxg7 Rxf2+ 33. Kc3 Rf3+ 34. Kb2 Nd3+ 35. Ka3 b5 36. cxb5 axb5 37. Rc7+ Kd6 38. Rb7 Kc6 39. Rb8 Rf4 40. Rd8 b4+ 41. Ka4 Nc5+ 42. Ka5 Nb7+ 43. Ka6 Nxd8 0-1


[Site "https://www.chess.com"]

[Event "Titled Tuesday Blitz May 03 Late 2022"]
[White "Donchenko, Anatoly"]
[Black "Prieto Aranguren, Alain"]
[WhiteFideId "4106091"]
[BlackFideId "2268906"]
[WhiteElo "2339"]
[BlackElo "2235"]
[Result "0-1"]
[Round "09"]
[TimeControl "180+1"]
[Date "2022.05.03"]
[WhiteClock "0:00:58"]
[BlackClock "0:00:08"]

1. Nf3 f5 2. d4 g6 3. g3 Bg7 4. b4 a5 5. b5 c5 6. bxc6 Nxc6 7. Bb2 Qb6 8. Bc3 a4 9. Nbd2 Nxd4 10. Rb1 Nxf3+ 11. exf3 Qe6+ 12. Be2 Bxc3 13. O-O Nf6 14. Bc4 Qc6 15. Bb5 Qd5 16. Nc4 Qxd1 17. Rfxd1 O-O 18. Nb6 Rb8 19. Nxa4 Ba5 20. Nc5 d6 21. Nb3 Bb6 22. a4 Bd7 23. Bxd7 Nxd7 24. a5 Bc5 25. Nd4 Bxd4 26. Rxd4 Rfc8 27. Rdb4 Rxc2 28. Rxb7 Rxb7 29. Rxb7 Ne5 30. a6 Ra2 31. a7 Kf7 32. f4 Nc6 33. Rc7 Nxa7 34. h3 Nb5 35. Rb7 Nd4 36. Rb4 Ne6 37. Kg2 Nc5 38. Rb8 Ne4 39. g4 Rxf2+ 40. Kg1 Rxf4 41. gxf5 gxf5 42. Rh8 Rh4 43. Kg2 Rh6 44. Ra8 d5 45. Kf3 d4 46. Kf4 Kf6 47. Ra6+ e6 48. Rb6 d3 49. Ke3 d2 50. Ke2 Rxh3 51. Rb8 Rh2+ 52. Ke3 Rh3+ 53. Ke2 h5 54. Rf8+ Ke5 55. Rd8 Rh2+ 56. Kf3 Rh1 57. Ke3 d1=Q 58. Rxd1 Rxd1 59. Ke2 Ra1 60. Ke3 f4+ 61. Ke2 Ra2+ 62. Ke1 f3 63. Kd1 h4 64. Ke1 h3 65. Kd1 h2 66. Ke1 h1=Q# 0-1


[Site "https://www.chess.com"]

[Event "Titled Tuesday Blitz May 03 Late 2022"]
[White "Drygalov, Sergey"]
[Black "Nakamura, Hikaru"]
[WhiteFideId "24171743"]
[BlackFideId "2016192"]
[WhiteElo "2514"]
[BlackElo "2850"]
[Result "1/2-1/2"]
[Round "09"]
[TimeControl "180+1"]
[Date "2022.05.03"]
[WhiteClock "0:00:20"]
[BlackClock "0:00:05"]

1. d4 g6 2. c4 Bg7 3. Nf3 f5 4. Nc3 Nf6 5. e3 d6 6. b4 Nbd7 7. Be2 e5 8. c5 e4 9. Ng5 Nf8 10. cxd6 cxd6 11. Bb5+ Bd7 12. Qb3 Qe7 13. Bxd7+ Qxd7 14. h4 h6 15. Nh3 g5 16. Bd2 d5 17. O-O-O Ne6 18. f3 exf3 19. gxf3 g4 20. fxg4 fxg4 21. Nf2 h5 22. Nd3 O-O 23. Rhf1 Rad8 24. Kb1 Qe8 25. Ne5 Nc7 26. Rf5 Qe6 27. Rg5 Nd7 28. Ng6 Rf5 29. Nf4 Qf7 30. Ncxd5 Nxd5 31. Nxd5 Rxg5 32. hxg5 Nb6 33. Nf4 Nc4 34. Bc1 b5 35. Qd3 h4 36. Rg1 g3 37. Rh1 Ne5 38. Qe4 Qc4 39. Rxh4 Qxb4+ 40. Bb2 Qe1+ 41. Bc1 Qb4+ 42. Bb2 Qe1+ 43. Bc1 Qb4+ 1/2-1/2


[Site "https://www.chess.com"]

[Event "Titled Tuesday Blitz May 03 Late 2022"]
[White "Erdogdu, Mert"]
[Black "Meduri, Aakaash"]
[WhiteFideId "6301495"]
[BlackFideId "2032252"]
[WhiteElo "2485"]
[BlackElo "2096"]
[Result "1-0"]
[Round "09"]
[TimeControl "180+1"]
[Date "2022.05.03"]
[WhiteClock "0:00:46"]
[BlackClock "0:00:02"]

1. e4 g6 2. d4 Bg7 3. Nc3 c5 4. d5 a6 5. a4 d6 6. h3 h5 7. Nf3 Nd7 8. Be2 Ngf6 9. O-O O-O 10. Bf4 Nh7 11. Re1 Qa5 12. Ra3 Qc7 13. Qd2 b6 14. Bh6 Bb7 15. Bf1 Rad8 16. Nd1 e6 17. c4 e5 18. Bxg7 Kxg7 19. g4 hxg4 20. hxg4 Bc8 21. Nh2 Ndf6 22. Rh3 g5 23. f3 Rh8 24. Ne3 Rdg8 25. Bg2 Nf8 26. Rxh8 Rxh8 27. Nhf1 Ng6 28. Ng3 Nf4 29. Nef5+ Kg6 30. Rf1 Bd7 31. Rf2 b5 32. axb5 axb5 33. b3 bxc4 34. bxc4 Rb8 35. Bf1 Rb1 36. Rh2 Ng8 37. Rh8 Qb8 38. Qh2 Rxf1+ 39. Nxf1 1-0


[Site "https://www.chess.com"]

[Event "Titled Tuesday Blitz May 03 Late 2022"]
[White "Fedoseev, Vladimir"]
[Black "Keymer, Vincent"]
[WhiteFideId "24130737"]
[BlackFideId "12940690"]
[WhiteElo "2726"]
[BlackElo "2557"]
[Result "0-1"]
[Round "09"]
[TimeControl "180+1"]
[Date "2022.05.03"]
[WhiteClock "0:00:03"]
[BlackClock "0:00:15"]

1. e4 c6 2. d4 d5 3. e5 Bf5 4. Nf3 e6 5. Be2 c5 6. c3 Nc6 7. O-O Bg6 8. Be3 cxd4 9. Nxd4 Nxe5 10. f4 Nc6 11. f5 exf5 12. Bb5 Bc5 13. Kh1 Bxd4 14. Bxd4 Nf6 15. Re1+ Ne4 16. Bxg7 Rg8 17. Bd4 Qh4 18. Nd2 Bh5 19. Qa4 Kd7 20. Nxe4 fxe4 21. Bf1 Kc7 22. Be3 f5 23. Qc2 f4 24. Bf2 Qg5 25. c4 e3 26. cxd5 Qxd5 27. Bh4 Rae8 28. Qxh7+ Kb8 29. Qh6 f3 30. Bg3+ Rxg3 31. Qf4+ Ka8 32. Qxg3 e2 33. gxf3 exf1=Q+ 34. Rxf1 Nd4 35. Rf2 Bxf3+ 36. Rxf3 Nxf3 37. Qg2 Rg8 38. Rb1 Rxg2 0-1


[Site "https://www.chess.com"]

[Event "Titled Tuesday Blitz May 03 Late 2022"]
[White "Ferreira, Vitor Hugo Vieira"]
[Black "Kohler, Aran"]
[WhiteFideId "2119765"]
[BlackFideId "1002856"]
[WhiteElo "2165"]
[BlackElo "2335"]
[Result "1-0"]
[Round "09"]
[TimeControl "180+1"]
[Date "2022.05.03"]
[WhiteClock "0:00:27"]
[BlackClock "0:00:07"]

1. d3 g6 2. Nf3 Bg7 3. g3 d6 4. Bg2 c5 5. O-O Nc6 6. c4 Nf6 7. Nc3 O-O 8. Rb1 Bg4 9. a3 Qc8 10. Re1 Bh3 11. Bh1 h6 12. b4 cxb4 13. axb4 Ng4 14. Nd5 Re8 15. b5 Nd4 16. e3 Ne6 17. Nf4 Nxf4 18. exf4 Qc5 19. Qe2 Bc3 20. Bd2 Bg7 21. d4 Qc7 22. Bg2 Bxg2 23. Kxg2 Rac8 24. Rec1 b6 25. h3 Nf6 26. f5 e5 27. dxe5 dxe5 28. fxg6 fxg6 29. c5 bxc5 30. Qc4+ Kh7 31. Be3 Qb7 32. Bxc5 Ne4 33. Qb4 Rxc5 34. Rxc5 Nxc5 35. Qxc5 Rf8 36. Qc6 Qf7 37. b6 axb6 38. Rxb6 Qf5 39. Qc5 e4 40. Nh4 Qf7 41. Nxg6 Qf3+ 42. Kg1 Qd1+ 43. Kh2 Rf3 44. Nh4 Qe2 45. Nxf3 Qxf3 46. Rb5 Qf7 47. Qf5+ Qxf5 48. Rxf5 Kg6 49. Rf4 Bd4 50. Kg2 Be5 51. Rxe4 Bf6 52. Re6 Kf5 53. Rxf6+ Kxf6 54. Kf3 Kf5 55. g4+ Kg5 56. Kg3 1-0


[Site "https://www.chess.com"]

[Event "Titled Tuesday Blitz May 03 Late 2022"]
[White "Fiorito, Fabian"]
[Black "Yaran, Siar"]
[WhiteFideId "100200"]
[BlackFideId "6323006"]
[WhiteElo "2395"]
[BlackElo "1977"]
[Result "0-1"]
[Round "09"]
[TimeControl "180+1"]
[Date "2022.05.03"]
[WhiteClock "0:00:38"]
[BlackClock "0:00:16"]

1. e4 e5 2. Nf3 Nc6 3. Nc3 Nf6 4. d4 exd4 5. Nxd4 Bb4 6. Nxc6 bxc6 7. Bd3 d5 8. Bd2 O-O 9. O-O Bxc3 10. Bxc3 Nxe4 11. Bxe4 dxe4 12. Qe2 Re8 13. Rad1 Qg5 14. Qe3 Qxe3 15. fxe3 Be6 16. a3 Rad8 17. h4 Rd5 18. Rd4 Rxd4 19. Bxd4 a6 20. Kh2 f6 21. Kg3 Kf7 22. Kf4 Bc8 23. c4 Kg6 24. g4 h6 25. Bc3 Be6 26. Rd1 c5 27. h5+ Kf7 28. b4 cxb4 29. Bxb4 c5 30. Bxc5 Rc8 31. Bb4 Bxc4 32. Rd7+ Kg8 33. Kxe4 Be6 34. Ra7 Rc4+ 35. Kd3 Rxg4 36. e4 Bf7 37. Rxa6 Bxh5 38. Ra8+ Kh7 39. Ra7 Bg6 40. Re7 h5 41. a4 h4 42. a5 h3 43. Bd6 Rg2 44. a6 h2 45. Bxh2 Rxh2 46. a7 Ra2 47. Kc4 Bxe4 48. Rxe4 Rxa7 0-1


[Site "https://www.chess.com"]

[Event "Titled Tuesday Blitz May 03 Late 2022"]
[White "Gombocz, Ferenc Jr."]
[Black "Sailer, Mike"]
[WhiteFideId "775029"]
[BlackFideId "2012901"]
[WhiteElo "1913"]
[BlackElo "2109"]
[Result "0-1"]
[Round "09"]
[TimeControl "180+1"]
[Date "2022.05.03"]
[WhiteClock "0:00:44"]
[BlackClock "0:00:04"]

1. c4 c6 2. g3 d5 3. Nf3 Nf6 4. Bg2 Bf5 5. O-O e6 6. d3 Be7 7. Nbd2 O-O 8. b3 Nbd7 9. Bb2 h6 10. Re1 a6 11. e4 Bh7 12. a4 Bb4 13. Ba3 Bxa3 14. Rxa3 Qa5 15. exd5 cxd5 16. d4 dxc4 17. Nxc4 Qb4 18. Nfe5 Nxe5 19. dxe5 Rfd8 20. Qf3 Nd5 21. Nd6 Qxe1+ 22. Bf1 Qxe5 23. Nxf7 Qb2 24. Nxd8 Qxa3 25. Qf7+ Kh8 26. Nxe6 Qe7 27. Qxe7 Nxe7 28. Bg2 Nc6 29. Nc5 Rb8 30. h4 Nd8 31. b4 Rc8 32. a5 Rc7 33. Bf3 Nc6 34. Ne6 Re7 35. Bxc6 bxc6 36. Nc5 Re1+ 37. Kh2 Be4 38. g4 Bd5 39. Nxa6 g5 40. hxg5 hxg5 41. Nc5 Rb1 42. Nd3 Rb3 43. Nc5 Rxb4 44. a6 Rb1 45. Kg3 Kg7 46. f4 gxf4+ 47. Kxf4 Kf7 48. Ke5 Ke8 49. Kd6 Kd8 50. g5 Ra1 51. g6 Kc8 52. g7 Kb8 53. Nd3 Rg1 54. Kc5 Rxg7 55. Kb6 Ka8 56. Nc5 Rg1 57. Nd7 Rb1+ 58. Ka5 Ka7 59. Nc5 Ra1+ 60. Kb4 Rb1+ 61. Ka4 Rb5 62. Nd3 Kxa6 63. Ne5 Kb6 64. Nd7+ Kc7 65. Ne5 Kd6 66. Nd3 Rb8 67. Nf2 Ra8+ 68. Kb4 Rb8+ 69. Kc3 c5 70. Ng4 Rb3+ 71. Kc2 Rg3 72. Nf6 Ke5 73. Nd7+ Kd4 74. Nb6 Rg2+ 75. Kc1 c4 76. Kd1 Kd3 77. Nxd5 Rg1# 0-1


[Site "https://www.chess.com"]

[Event "Titled Tuesday Blitz May 03 Late 2022"]
[White "Gomez Dieguez, David"]
[Black "Bas Mas, Jose Joaquin"]
[WhiteFideId "22223630"]
[BlackFideId "22219064"]
[WhiteElo "2115"]
[BlackElo "2212"]
[Result "0-1"]
[Round "09"]
[TimeControl "180+1"]
[Date "2022.05.03"]
[WhiteClock "0:00:05"]
[BlackClock "0:00:38"]

1. c4 e6 2. Nf3 f6 3. Nc3 c5 4. e3 Nc6 5. d4 d6 6. Be2 Nh6 7. O-O Be7 8. d5 Ne5 9. Nxe5 fxe5 10. dxe6 Bxe6 11. Nd5 O-O 12. Bf3 Rb8 13. a4 Nf5 14. b3 Qd7 15. Nxe7+ Qxe7 16. Bd5 Rfd8 17. Bb2 g6 18. Qf3 Qf7 19. Rad1 Ne7 20. Bxe6 Qxe6 21. e4 Qf7 22. Qxf7+ Kxf7 23. f4 Ke6 24. g3 Nc6 25. f5+ gxf5 26. Rxf5 Rf8 27. Rdf1 Rxf5 28. Rxf5 Re8 29. Rh5 Re7 30. Rh6+ Kd7 31. Bc3 Nd4 32. Bxd4 cxd4 33. Kf2 Kc6 34. b4 a5 35. b5+ Kc5 36. Ke2 Kxc4 37. Rxd6 Kb4 38. Kd3 Kxa4 39. b6 Kb5 40. g4 a4 41. g5 a3 42. Kc2 Rf7 43. Rf6 Rg7 44. h4 Kc4 45. Rf3 Kc5 46. Rxa3 Kxb6 47. Kd3 Rf7 48. Kc4 Kc6 49. Rb3 Rf4 50. h5 Rg4 51. g6 hxg6 52. hxg6 Rxg6 53. Rf3 Rd6 54. Kd3 Kc5 55. Rf1 b5 56. Rc1+ Kb6 57. Rb1 Rc6 58. Rf1 Rc3+ 59. Kd2 Re3 60. Rf6+ Kc5 61. Rf5 Rxe4 62. Kd3 Re3+ 63. Kd2 Kc4 64. Rf8 Rc3 65. Rc8+ Kb3 66. Rb8 b4 67. Re8 Re3 68. Re6 Kb2 69. Rd6 b3 70. Rb6 Rh3 71. Re6 Rh2+ 72. Kd3 Kc1 73. Rxe5 Rd2+ 74. Kc4 b2 75. Rb5 b1=Q 0-1


[Site "https://www.chess.com"]

[Event "Titled Tuesday Blitz May 03 Late 2022"]
[White "Hakobyan, Aram"]
[Black "Rasulov, Vugar"]
[WhiteFideId "13306677"]
[BlackFideId "13402390"]
[WhiteElo "2557"]
[BlackElo "2560"]
[Result "1-0"]
[Round "09"]
[TimeControl "180+1"]
[Date "2022.05.03"]
[WhiteClock "0:00:31"]
[BlackClock "0:00:01"]

1. d4 Nf6 2. c4 c6 3. Nc3 d5 4. cxd5 cxd5 5. Bf4 Nc6 6. Nf3 a6 7. e3 Bf5 8. Be2 e6 9. O-O Bd6 10. Ne5 Bxe5 11. Bxe5 Nxe5 12. dxe5 Nd7 13. Qd4 O-O 14. Rac1 Rc8 15. Rfd1 Rc7 16. Qf4 Bg6 17. h4 h6 18. h5 Bh7 19. e4 d4 20. Rxd4 Qg5 21. Qxg5 hxg5 22. Rcd1 Nxe5 23. f3 f6 24. Kf2 Kf7 25. g3 Ke7 26. f4 Nc6 27. R4d2 b5 28. a3 Rd8 29. Rxd8 Nxd8 30. fxg5 fxg5 31. Ke3 Nf7 32. Kd4 Kd6 33. Bxb5 axb5 34. Nxb5+ Kd7 35. Nxc7 Kxc7 36. b4 Nd6 37. Re1 Nb5+ 38. Kc5 Nc3 39. Kd4 Nb5+ 40. Ke5 Nxa3 41. Rc1+ Kd7 42. Rc5 Nb1 43. b5 Nd2 44. Rc3 Bxe4 45. b6 Bd5 46. Rc7+ Kd8 47. Rxg7 Nc4+ 48. Kd4 Nd6 49. h6 Nf5+ 50. Ke5 Nxh6 51. b7 Bxb7 52. Rxb7 Nf5 53. g4 Ne3 54. Kd6 Kc8 55. Rb4 1-0


[Site "https://www.chess.com"]

[Event "Titled Tuesday Blitz May 03 Late 2022"]
[White "Hernandez Bermudez, Ulises Eduardo"]
[Black "Ezat, Mohamed"]
[WhiteFideId "3902510"]
[BlackFideId "10600906"]
[WhiteElo "2056"]
[BlackElo "2386"]
[Result "0-1"]
[Round "09"]
[TimeControl "180+1"]
[Date "2022.05.03"]
[WhiteClock "0:02:11"]
[BlackClock "0:02:19"]

1. e4 c6 2. d4 d5 3. e5 c5 4. c3 Nc6 5. Nf3 Bg4 6. Be2 e6 7. O-O Nge7 8. Re1 Bxf3 9. Bxf3 cxd4 10. cxd4 Nf5 11. Be3 Qb6 12. Nc3 Ncxd4 13. Bg4 Nxe3 14. Re2 Nxd1 0-1


[Site "https://www.chess.com"]

[Event "Titled Tuesday Blitz May 03 Late 2022"]
[White "Jacobson, Brandon"]
[Black "Hambleton, Aman"]
[WhiteFideId "30901561"]
[BlackFideId "2606577"]
[WhiteElo "2362"]
[BlackElo "2552"]
[Result "1-0"]
[Round "09"]
[TimeControl "180+1"]
[Date "2022.05.03"]
[WhiteClock "0:00:11"]
[BlackClock "0:00:01"]

1. d4 Nf6 2. c4 e6 3. Nf3 b6 4. g3 Ba6 5. Qc2 Bb7 6. Bg2 Bb4+ 7. Bd2 Be7 8. Nc3 d5 9. cxd5 exd5 10. O-O O-O 11. Bf4 c6 12. Ne5 Nbd7 13. e4 Nxe5 14. dxe5 Nxe4 15. Nxe4 dxe4 16. Bxe4 h6 17. Rad1 Qe8 18. Qb3 Bc5 19. Bb1 Qe6 20. Qc2 g6 21. Bxh6 Rfd8 22. Qe4 Re8 23. Rfe1 Rad8 24. Rxd8 Rxd8 25. Bg5 Re8 26. Qh4 Be7 27. Bxe7 Rxe7 28. Bc2 Rd7 29. Bb3 Qe7 30. e6 Qxh4 31. exd7 Qf6 32. Re8+ 1-0


[Site "https://www.chess.com"]

[Event "Titled Tuesday Blitz May 03 Late 2022"]
[White "Janaszak, Dawid"]
[Black "Suarez Uriel, Adrian"]
[WhiteFideId "1119206"]
[BlackFideId "22230874"]
[WhiteElo "2199"]
[BlackElo "2316"]
[Result "1/2-1/2"]
[Round "09"]
[TimeControl "180+1"]
[Date "2022.05.03"]
[WhiteClock "0:00:07"]
[BlackClock "0:01:02"]

1. e4 c5 2. Nc3 Nc6 3. Bb5 Nd4 4. Nf3 e6 5. O-O a6 6. Bd3 Nf6 7. e5 Ng8 8. Nxd4 cxd4 9. Ne4 f5 10. Nd6+ Bxd6 11. exd6 Nf6 12. b3 O-O 13. Bb2 Qb6 14. a4 Re8 15. a5 Qxd6 16. Ra4 e5 17. f4 e4 18. Rxd4 Qc5 19. b4 Qa7 20. Be2 d5 21. Kh1 Bd7 22. Qe1 Rac8 23. Bc3 Bb5 24. Bxb5 axb5 25. Qg3 b6 26. Ra1 bxa5 27. Rxa5 Qb7 28. Qg5 Qd7 29. h3 e3 30. Ra1 e2 31. Re1 Qe7 32. Qxf5 Ne4 33. Qxd5+ Kh8 34. Ba1 Qh4 35. Rxe4 Qxe1+ 36. Kh2 Rxe4 37. Qd7 Rg8 38. Bxg7+ Rxg7 39. Qd8+ Rg8 40. Qf6+ Rg7 41. Qf8+ Rg8 42. Qf6+ Rg7 43. Qf8+ Rg8 44. Qf6+ 1/2-1/2


[Site "https://www.chess.com"]

[Event "Titled Tuesday Blitz May 03 Late 2022"]
[White "Jones, Gawain C B"]
[Black "Rustemov, Alexander"]
[WhiteFideId "409561"]
[BlackFideId "4119002"]
[WhiteElo "2657"]
[BlackElo "2739"]
[Result "1-0"]
[Round "09"]
[TimeControl "180+1"]
[Date "2022.05.03"]
[WhiteClock "0:00:21"]
[BlackClock "0:00:02"]

1. Nf3 e6 2. b3 Nf6 3. Bb2 d5 4. e3 c5 5. Bb5+ Bd7 6. Qe2 Be7 7. Ne5 O-O 8. Nxd7 Nfxd7 9. O-O Bf6 10. d4 cxd4 11. exd4 a6 12. Bd3 Nc6 13. c3 b5 14. a3 Na5 15. Nd2 Qb6 16. f4 g6 17. Kh1 Rfe8 18. Bc2 Bg7 19. Nf3 f5 20. Rad1 Nf6 21. Rd3 Ne4 22. Re3 Nc6 23. Ng5 a5 24. Nxe4 dxe4 25. Rd1 Red8 26. b4 axb4 27. axb4 Ne7 28. Rf1 Nd5 29. Rh3 Rdc8 30. Bb3 Rc6 31. g4 Rd8 32. gxf5 exf5 33. Ra1 Kh8 34. Qf2 Qc7 35. Bxd5 Rxd5 36. Ra8+ Rd8 37. Rxh7+ Kxh7 38. Qh4+ Bh6 39. Rxd8 g5 40. fxg5 e3 41. Re8 Qd7 42. Re7+ Qxe7 43. g6+ Kxg6 44. Qxe7 f4 45. Qe8+ Kf5 46. Qxc6 e2 47. Qxb5+ Kg4 48. Qxe2+ f3 49. Qe6+ 1-0


[Site "https://www.chess.com"]

[Event "Titled Tuesday Blitz May 03 Late 2022"]
[White "Karttunen, Mika"]
[Black "Weber, Samuel"]
[WhiteFideId "502081"]
[BlackFideId "12924008"]
[WhiteElo "2343"]
[BlackElo "2215"]
[Result "1-0"]
[Round "09"]
[TimeControl "180+1"]
[Date "2022.05.03"]
[WhiteClock "0:00:13"]
[BlackClock "0:00:05"]

1. c4 Nf6 2. Nc3 e6 3. e3 c5 4. Nf3 d5 5. cxd5 exd5 6. Bb5+ Nc6 7. d4 cxd4 8. Nxd4 Bd7 9. O-O Nxd4 10. Qxd4 Bxb5 11. Nxb5 Be7 12. b3 O-O 13. Bb2 Qa5 14. Nc3 Rfd8 15. Rfd1 Rac8 16. a3 Qa6 17. h3 b6 18. Qe5 Qb7 19. Rd3 Bd6 20. Qf5 Bb8 21. Rad1 Qd7 22. Qxd7 Rxd7 23. Nxd5 Nxd5 24. Rxd5 Rxd5 25. Rxd5 Kf8 26. Rd2 f6 27. Kf1 Ke7 28. Ke2 Bd6 29. Kd3 Rc6 30. Rc2 Rxc2 31. Kxc2 Ke6 32. Kd3 Kd5 33. f3 Ke6 34. e4 h5 35. b4 g6 36. b5 f5 37. a4 fxe4+ 38. Kxe4 Bc5 39. Bc1 Bd6 40. Be3 Be7 41. f4 Bd6 42. g4 hxg4 43. hxg4 Bc7 44. Bd4 Bd6 45. f5+ gxf5+ 46. gxf5+ Kd7 47. Kd5 Bf8 48. f6 Kc7 49. Be5+ Kd7 50. Bb8 Bc5 51. Bxa7 Kc7 52. a5 Kb7 53. Bxb6 Bf8 54. Bd4 Kc7 55. a6 Kb8 56. b6 Ka8 57. Kc6 Bc5 58. b7+ Kb8 59. Be5+ Ka7 60. b8=Q+ Kxa6 61. Qb5+ Ka7 62. Qb7# 1-0


[Site "https://www.chess.com"]

[Event "Titled Tuesday Blitz May 03 Late 2022"]
[White "Kazakouski, Valery"]
[Black "Fishbein, Alexander"]
[WhiteFideId "13507443"]
[BlackFideId "2000377"]
[WhiteElo "2524"]
[BlackElo "2442"]
[Result "0-1"]
[Round "09"]
[TimeControl "180+1"]
[Date "2022.05.03"]
[WhiteClock "0:01:50"]
[BlackClock "0:01:09"]

1. d4 Nf6 2. c4 g6 3. Nc3 Bg7 4. e4 d6 5. h3 O-O 6. Be3 c5 7. d5 b5 8. cxb5 a6 9. a4 axb5 10. Bxb5 Ba6 11. Qc2 Nxe4 12. Bxa6 Nxc3 13. Bc4 Qa5 14. Bd2 Qb4 15. b3 e6 16. Ne2 exd5 17. Bxd5 Nxd5 18. Bxb4 Nxb4 0-1


[Site "https://www.chess.com"]

[Event "Titled Tuesday Blitz May 03 Late 2022"]
[White "Kholin, Aleksandr"]
[Black "Koellner, Ruben Gideon"]
[WhiteFideId "14179385"]
[BlackFideId "12993093"]
[WhiteElo "2477"]
[BlackElo "2610"]
[Result "0-1"]
[Round "09"]
[TimeControl "180+1"]
[Date "2022.05.03"]
[WhiteClock "0:01:22"]
[BlackClock "0:00:28"]

1. d4 Nf6 2. c4 e6 3. Nf3 c5 4. d5 d6 5. Nc3 exd5 6. Nxd5 Nxd5 7. Qxd5 Nc6 8. Bf4 Be6 9. Qd2 Bxc4 10. Rd1 Bxa2 11. e3 Bb3 12. Rc1 Be7 13. Bd3 Qa5 14. O-O Qxd2 15. Nxd2 Be6 16. Ne4 Rd8 17. Rfd1 O-O 18. Bb5 Ne5 19. Nxc5 dxc5 20. Bxe5 Rxd1+ 21. Rxd1 Rd8 22. Rxd8+ Bxd8 23. Kf1 a6 24. Bd3 Bf6 25. Bxf6 gxf6 26. Be4 b5 27. Bb7 a5 28. Ke2 Kf8 29. h4 Ke7 30. Kd3 Kd6 31. f3 a4 32. Ba6 b4 33. g4 h6 34. e4 c4+ 35. Bxc4 Bxc4+ 36. Kxc4 a3 37. bxa3 bxa3 38. Kb3 Ke5 39. h5 Kf4 40. Kxa3 Kxf3 41. e5 Kxg4 42. exf6 Kxh5 0-1


[Site "https://www.chess.com"]

[Event "Titled Tuesday Blitz May 03 Late 2022"]
[White "Koelle, Tobias"]
[Black "Kamsky, Gata"]
[WhiteFideId "16207378"]
[BlackFideId "2000024"]
[WhiteElo "2541"]
[BlackElo "2645"]
[Result "0-1"]
[Round "09"]
[TimeControl "180+1"]
[Date "2022.05.03"]
[WhiteClock "0:00:07"]
[BlackClock "0:00:07"]

1. Nf3 Nf6 2. c4 g6 3. Nc3 Bg7 4. g3 O-O 5. Bg2 c6 6. O-O d5 7. d4 dxc4 8. Ne5 Be6 9. e4 Qc8 10. Qe2 Rd8 11. Rd1 Ng4 12. Nxg4 Bxg4 13. f3 Be6 14. Be3 Na6 15. a3 b5 16. Rac1 b4 17. axb4 Nxb4 18. e5 Nd3 19. Rc2 Rb8 20. Ne4 c5 21. dxc5 Bxe5 22. Rdd2 Qa6 23. h4 Bxb2 24. Kh2 Bg7 25. h5 Nb4 26. Rc1 Rxd2 27. Bxd2 Nd3 28. Rc2 Qc6 29. h6 Bd4 30. Be3 Bxe3 31. Qxe3 Bd5 32. Qd4 f6 33. f4 Nb4 34. Rxc4 a5 35. Rc1 Kf8 36. Rd1 Qe6 37. Re1 Qf5 38. c6 Nxc6 39. Qe3 Qh5+ 40. Kg1 Qxh6 41. Nxf6 Bxg2 42. Nd7+ Ke8 43. Nxb8 Qh1+ 44. Kf2 Qh2 45. Rg1 Bd5+ 46. Ke1 Nxb8 47. Qc5 Nd7 48. Qd4 Nf6 49. g4 Qc2 50. g5 Ne4 51. Qe3 Qc3+ 52. Qxc3 Nxc3 53. Kd2 Ne4+ 54. Ke3 a4 55. Kd4 Bc6 56. Rh1 Nd6 57. Rxh7 a3 58. Kc3 a2 59. Kb2 Bd5 60. Rh6 Kf7 61. Rh7+ Ke6 62. Rg7 Kf5 63. Rxe7 Kxf4 64. Rd7 Ke5 65. Rg7 Kf5 66. Rd7 Ke6 67. Rg7 Nc4+ 68. Kxa2 Ne5+ 69. Kb2 Kf5 70. Kc3 Bf3 71. Kd4 Bh5 72. Rc7 Nf3+ 73. Ke3 Nxg5 74. Rc5+ Kf6 75. Ra5 Ne6 76. Ke4 g5 77. Rb5 Bg6+ 78. Ke3 Bf5 79. Rb6 g4 80. Kf2 Kg5 81. Kg3 Nc5 82. Rb5 Ne4+ 83. Kg2 Kf4 84. Rb4 g3 85. Rb3 Bg4 86. Rc3 Nxc3 0-1


[Site "https://www.chess.com"]

[Event "Titled Tuesday Blitz May 03 Late 2022"]
[White "Kollars, Dmitrij"]
[Black "Papasimakopoulos, Alexandros"]
[WhiteFideId "12909572"]
[BlackFideId "4244125"]
[WhiteElo "2584"]
[BlackElo "2340"]
[Result "1-0"]
[Round "09"]
[TimeControl "180+1"]
[Date "2022.05.03"]
[WhiteClock "0:01:04"]
[BlackClock "0:00:59"]

1. Nf3 d5 2. e3 Bg4 3. c4 c6 4. h3 Bxf3 5. Qxf3 e6 6. d4 Nd7 7. Nc3 f5 8. g4 g6 9. gxf5 Qf6 10. Bd3 gxf5 11. Bd2 Bd6 12. cxd5 cxd5 13. Nb5 Bb8 14. Rc1 Ne7 15. Nc7+ Bxc7 16. Rxc7 Rb8 17. Bb5 Nc6 18. Bxc6 bxc6 19. Rg1 Rxb2 20. Ke2 Rxa2 21. Qg3 f4 22. Qg7 f3+ 23. Kd1 Qxg7 24. Rxg7 Nb6 25. Rb7 Kf8 26. Bb4+ 1-0


[Site "https://www.chess.com"]